 Dungeon Sprint DCSS version 0.20-a0-270-g8e735b6 (webtiles) character file.

3200000 jerryfan the Conqueror (level 23, -23/284 HPs)
             Began as an Ogre Berserker on Dec 9, 2016.
             Was a High Priest of Trog.
             Annihilated by a meat berserker
             ... wielding a +9 battleaxe
              (26 damage)
             ... in the Dungeon (Sprint VIII: "Arena of Blood").
             The game lasted 00:02:54 (32 turns).

jerryfan the Conqueror (Ogre Berserker)               Turns: 32, Time: 00:02:54

Health: -23/284    AC:  5    Str: 35    XL:     23   Next: 16%
Magic:  21/42      EV: 22    Int:  6    God:    Trog [*****.]
Gold:   0          SH:  0    Dex:  9    Spells: 53/53 levels left

rFire  . . .     SeeInvis .     j - +∞ Axe of Woe
rCold  . . .     Gourm    .     b - +0 animal skin
rNeg   . . .     Faith    .     (shield currently unavailable)
rPois  .         Spirit   .     (helmet restricted)
rElec  .         Reflect  .     (no cloak)
rCorr  .         Harm     .     (gloves unavailable)
MR     ++...     NoTele   +     (boots unavailable)
Stlth  +++++++++.               (no amulet)
                                (no ring)
                                (no ring)

@: no status effects
A: unfitting armour, tough skin 1
a: Berserk, Trog's Hand, Brothers in Arms, Burn Spellbooks, Renounce Religion


You were in the Dungeon.
You worshipped Trog.
Trog was extremely pleased with you.
You were not hungry.

You visited 1 branch

Inventory:

Hand Weapons
 a - a +0 hand axe
 j - the +∞ Axe of Woe (weapon)
   (You found it in the Dungeon)
Missiles
 k - 2 large rocks (quivered)
 l - 4 curare-tipped needles
Armour
 b - a +0 animal skin (worn)
Scrolls
 i - a scroll of blinking
Potions
 d - a potion of curing
 f - a potion of haste
 g - 2 potions of magic
 h - a potion of berserk rage
Comestibles
 c - a bread ration


   Skills:
 O Level 27 Fighting
 O Level 27 Axes
 O Level 27 Throwing
 O Level 27 Armour
 O Level 27 Dodging
 O Level 27 Stealth
 O Level 27 Unarmed Combat
 - Level 15.5 Spellcasting


You had 53 spell levels left.
You didn't know any spells.

Dungeon Overview and Level Annotations

Branches:
Dungeon (1/1)

Altars:
Makhleb


Innate Abilities, Weirdness & Mutations

You are too large for most types of armour.
You have tough skin. (AC +1)


Message History

2 orcs come into view.
You hear a shout! x12
The bag of meat moves out of view.
The meat berserker is engulfed in roaring flames. 2 ogres come into view.
The large bag of meat shouts!
The bag of meat shouts!
You slash the meat berserker!
You dissect the meat berserker like a pig carcass.
You kill the meat berserker!
Trog accepts your kill.
You have mastered Armour!
You have mastered Stealth!
You cannot train any new skill.
You have reached level 23!
You hear a shout! x7
An orc and 3 ogres come into view. 2 orcs come into view.
The meat berserker misses you.
You hear a shout! x2
The meat berserker hits you with a +9 battleaxe!!
You die... oO...

.. #... .# .
#..o ..#
..###.oo ..###.
.....o###......
.o..._......
#)O)..# #@)§§_#
#OO§§.#
....o§§.O...
....o.###......
..###... ..###.
.


#ooO ..# #.oC .# .oOoo .. You could see a large bag of meat (inner flame), 7
meat berserkers and 13 bags of meat.

Vanquished Creatures
  A vampire knight (D)
  10 ogres (D)
  15 orcs (D)
  A hill giant (D)
27 creatures vanquished.

Notes
Turn   | Place    | Note
-------+----------+-------------------------------------------
     0 | D        | jerryfan the Ogre Berserker began the quest for the Orb.
     0 | D        | Reached XP level 1. HP: 24/24 MP: 1/1
     3 | D        | Noticed a bag of meat
     3 | D        | Noticed a bag of meat
     4 | D        | Noticed a bag of meat
     4 | D        | Noticed a bag of meat
     5 | D        | Noticed a bag of meat
     6 | D        | Noticed a bag of meat
     7 | D        | Noticed a meat berserker
     8 | D        | Noticed a meat berserker
     9 | D        | Noticed a meat berserker
     9 | D        | Noticed a bag of meat
     9 | D        | Noticed a meat berserker
     9 | D        | Killed a bag of meat
     9 | D        | Reached skill level 15 in Dodging
     9 | D        | Reached XP level 2. HP: 70/70 MP: 2/2
     9 | D        | Reached XP level 3. HP: 78/78 MP: 3/3
     9 | D        | Reached XP level 4. HP: 88/88 MP: 4/4
     9 | D        | Reached XP level 5. HP: 96/96 MP: 5/5
     9 | D        | Reached XP level 6. HP: 106/106 MP: 6/6
     9 | D        | Reached XP level 7. HP: 114/114 MP: 7/7
     9 | D        | Reached XP level 8. HP: 124/124 MP: 8/8
     9 | D        | Reached XP level 9. HP: 132/132 MP: 9/9
     9 | D        | Reached XP level 10. HP: 143/143 MP: 10/10
     9 | D        | Reached XP level 11. HP: 150/150 MP: 11/11
     9 | D        | Reached XP level 12. HP: 161/161 MP: 12/12
     9 | D        | Killed a bag of meat
     9 | D        | Reached ** piety under Trog
     9 | D        | Reached skill level 15 in Axes
     9 | D        | Reached XP level 13. HP: 176/176 MP: 13/13
    10 | D        | Noticed a bag of meat
    10 | D        | Noticed a bag of meat
    10 | D        | Noticed a bag of meat
    10 | D        | Killed a meat berserker
    10 | D        | Reached skill level 27 in Fighting
    10 | D        | Reached XP level 14. HP: 100/198 MP: 14/14
    10 | D        | Killed a meat berserker
    10 | D        | Reached XP level 15. HP: 105/206 MP: 15/15
    10 | D        | Killed a meat berserker
    10 | D        | Reached *** piety under Trog
    10 | D        | Reached XP level 16. HP: 110/217 MP: 16/16
    10 | D        | Reached XP level 17. HP: 115/226 MP: 17/17
    12 | D        | Killed a meat berserker
    12 | D        | Reached skill level 27 in Axes
    12 | D        | Reached skill level 27 in Dodging
    13 | D        | Noticed a meat berserker
    13 | D        | Noticed a meat berserker
    13 | D        | Received a gift from Trog
    13 | D        | Reached **** piety under Trog
    13 | D        | Reached skill level 5 in Armour
    13 | D        | Reached skill level 5 in Stealth
    13 | D        | Reached XP level 18. HP: 121/236 MP: 17/28
    15 | D        | Killed a meat berserker
    15 | D        | Reached skill level 10 in Unarmed Combat
    15 | D        | Reached skill level 15 in Spellcasting
    15 | D        | Reached XP level 19. HP: 98/245 MP: 17/38
    16 | D        | Noticed a large bag of meat
    16 | D        | Reached skill level 15 in Throwing
    17 | D        | Reached skill level 15 in Unarmed Combat
    18 | D        | Noticed a meat berserker
    18 | D        | Reached skill level 15 in Armour
    18 | D        | Reached skill level 15 in Stealth
    19 | D        | Killed a meat berserker
    19 | D        | Reached XP level 20. HP: 104/256 MP: 18/39
    19 | D        | Received a gift from Trog
    20 | D        | Noticed a large bag of meat
    22 | D        | Reached XP level 21. HP: 109/265 MP: 18/40
    24 | D        | Killed a meat berserker
    24 | D        | Reached skill level 27 in Throwing
    25 | D        | Noticed a meat berserker
    25 | D        | Reached ***** piety under Trog
    25 | D        | Received a gift from Trog
    26 | D        | Noticed a meat berserker
    27 | D        | Noticed a meat berserker
    27 | D        | Noticed a meat berserker
    27 | D        | Noticed a meat berserker
    28 | D        | Noticed a destroyer
    28 | D        | HP: 1/265 [meat berserker/+9 battleaxe (45)]
    29 | D        | Killed a destroyer
    29 | D        | Received a gift from Trog
    29 | D        | Reached XP level 22. HP: 1/275 MP: 20/41
    29 | D        | Reached skill level 27 in Unarmed Combat
    31 | D        | Reached skill level 27 in Armour
    31 | D        | Reached skill level 27 in Stealth
    31 | D        | Reached XP level 23. HP: 2/284 MP: 20/42
    32 | D        | Annihilated by a meat berserker

Vault maps used:
D:        meatsprint

Skill      XL: |  1  2  3  4  5  6  7  8  9 10 11 12 13 14 15 16 17 18 19 20 21 22 |
---------------+-------------------------------------------------------------------+-----
Fighting       | 21 23 27 | 27.0
Axes           | 13 15 17 20 22 24 27 | 27.0
Dodging        | 15 17 19 22 24 26 27 | 27.0
Throwing       | 6 14 20 23 27 | 27.0
Armour         | 5 12 17 20 23 27 | 27.0
Stealth        | 5 12 17 20 23 27 | 27.0
Unarmed Combat | 6 13 18 21 25 27 | 27.0
Spellcasting   | 7 15 | 15.5

Action                   |  1- 3 |  4- 6 |  7- 9 | 10-12 | 13-15 | 16-18 | 19-21 | 22-24 || total
-------------------------+-------+-------+-------+-------+-------+-------+-------+-------++-------
Melee: Executioner's axe |     1 |       |       |       |     1 |     3 |     8 |     1 ||    14
Throw: Large rock        |       |       |       |       |       |       |     1 |       ||     1
  Use: Potion            |       |       |       |       |       |       |     1 |       ||     1
Dodge: Dodged            |       |       |       |       |     1 |       |       |     1 ||     2
